 Dungeon Crawl Stone Soup version 0.31-a0-18-gea43df2a32 (webtiles) character file.

Game seed: 7064070688527844257

3133 hattop the Covert (level 9, -3/69 HPs)
             Began as a Demonspawn Brigand on May 9, 2023.
             Was a Believer of Ashenzari.
             Slain by a +4 dire flail of speed (9 damage)
             ... created by the rancor of the Wu Jian Council
             ... in a bailey.
             The game lasted 00:20:04 (7103 turns).

hattop the Covert (Demonspawn Brigand)              Turns: 7103, Time: 00:20:05

Health: -3/69      AC: 14    Str: 13    XL:     9   Next: 61%
Magic:  0/9        EV: 14    Int: 14    God:    Ashenzari [**....]
Gold:   318        SH:  0    Dex: 16    Spells: 4/8 levels left

rFire   + . .        x - +3 dagger "Prophetic the Doldrums" {drain, rC+, Elem, Cun} (curse)
rCold   + + .        B - +3 buckler of Ashenzari's Sybil {Self, Cun} (curse)
rNeg    . . .        I - +0 leather armour
rPois   +            i - +0 helmet of the Clairvoyant Sky {Melee, Comp} (curse)
rElec   +            c - +0 cloak
rCorr   +            (no gloves)
SInv    +            (no boots)
Will    .....        n - brooch of Shielding {Spirit SH+8}
Stlth   ++           (no ring)
HPRegen 0.31/turn    (no ring)
MPRegen 0.11/turn

%: guardian spirit
@: confused, resistant, ambrosia-drunk, sanguine armoured
A: demonic guardian 1, ignite blood 1, sanguine armour 2, weakness stinger 1
a: Renounce Religion, Shatter the Chains


You were in a bailey.
You worshipped Ashenzari.
Ashenzari was pleased with you.
You visited 2 branches of the dungeon, and saw 9 of its levels.
You also visited: Bailey.

You collected 318 gold pieces.

Inventory:

Hand Weapons
 a - a +2 dagger of venom
 m - a +2 whip of electrocution
 r - a +2 vampiric dagger
 v - a +2 dagger of chaos
 x - the cursed +3 dagger "Prophetic the Doldrums" (weapon) {drain, rC+, Elem, Cun}
   (You found it on level 4 of the Dungeon)

   rC:        It protects you from cold.
   It has a curse which improves the following skills: Elements: Fire Magic, Ice
   Magic, Air Magic and Earth Magic.
   Cunning:   Dodging and Stealth.
 E - a +0 short sword of venom
 K - a +0 arbalest
Missiles
 d - 21 poisoned darts (quivered)
 e - 9 curare-tipped darts
 h - 72 stones
 A - 2 throwing nets
Armour
 b - a +0 robe
 c - a +0 cloak (worn)
 f - an orb of mayhem
 i - the cursed +0 helmet of the Clairvoyant Sky (worn) {Melee, Comp}
   (You took it off Robin on level 2 of the Dungeon)

   It has a curse which improves the following skills: Melee Combat: Short
   Blades, Long Blades, Axes, Maces & Flails, Polearms, Staves and Unarmed
   Combat.
   Companions: Summonings and Necromancy.
 l - a +0 chain mail
 B - the cursed +3 buckler of Ashenzari's Sybil (worn) {Self, Cun}
   (You found it on level 6 of the Dungeon)

   It has a curse which improves the following skills: Introspection: Fighting
   and Spellcasting.
   Cunning:   Dodging and Stealth.
 I - a +0 leather armour (worn)
 J - a +0 scale mail
Magical Staves
 H - a staff of poison
Jewellery
 n - the brooch of Shielding (around neck) {Spirit SH+8}
   (You acquired it on level 4 of the Dungeon)

   [amulet of guardian spirit]

   It causes incoming damage to be divided between your reserves of health and
   magic.
   SH:        It affects your SH (+8).
 u - an amulet of regeneration
Wands
 F - a wand of flame (16)
 L - a wand of light (7)
Scrolls
 g - a scroll of fog
 o - a scroll of blinking
 s - 2 scrolls of teleportation
 y - a scroll of enchant armour
 z - 2 scrolls of amnesia
 M - a scroll of poison
Potions
 j - 2 potions of lignification
 k - a potion of might
 p - a potion of haste
 t - 3 potions of attraction
 w - 5 potions of flight
 G - a potion of brilliance


   Skills:
 + Level 5.1(6.3) Fighting
 + Level 6.2(7.4) Short Blades
 + Level 2.9 Throwing
 + Level 1.9 Armour
 + Level 4.7(6.3) Dodging
 + Level 8.1(9.9) Stealth
 + Level 4.2 Shields


You had 4 spell levels left.
You knew the following spells:

 Your Spells              Type           Power      Damage    Failure   Level
a - Passwall              Tmut/Erth      0%         N/A       56%         2
b - Wereblood             Tmut           0%         N/A       58%         2

Your spell library contained the following spells:

 Spells                   Type           Power      Damage    Failure   Level
 Beastly Appendage        Tmut           0%         N/A       43%         1
 Sandblast                Erth           0%         2d4       43%         1
 Blink                    Tloc           0%         N/A       58%         2
 Lesser Beckoning         Tloc           0%         N/A       58%         2
 Momentum Strike          Conj/Tloc      0%         3d8       58%         2
 Stone Arrow              Conj/Erth      0%         3d7       80%         3
 Gell's Gravitas          Tloc           0%         N/A       82%         3
 Spider Form              Tmut/Pois      0%         N/A       82%         3
 Teleport Other           Tloc           0%         N/A       82%         3
 Leda's Liquefaction      Hex/Erth       0%         N/A       99%         4
 Lee's Rapid Deconstruct  Erth           0%         3d4*      100%        5
 Statue Form              Tmut/Erth      0%         N/A       100%        6


Dungeon Overview and Level Annotations

Branches:
Dungeon (8/15)             Temple (1/1) D:4          Bailey (1/1)
   Lair: D:8-11

Altars:
Ashenzari
Cheibriados
Dithmenos
Fedhas
Gozag
Kikubaaqudgha
Makhleb
Nemelex Xobeh
Okawaru
Qazlal
Ru
Sif Muna
Uskayaw
Vehumet
Wu Jian
Xom
Yredelemnul

Shops:
D:5 *


Innate Abilities, Weirdness & Mutations

A weak demonic guardian rushes to your aid.
Your demonic aura sometimes causes spilled blood to erupt in flames.
When seriously injured, your blood forms thick armour. (AC +9)
You have a small tail.


Message History

The +1 dire flail of electrocution is heavily damaged.
The +1 dire flail of electrocution hits you but does no damage.
You are electrocuted!
You hit the +1 dire flail of electrocution.
The +1 dire flail of electrocution is severely damaged.
You block the +4 dire flail of speed's attack.
The +4 quarterstaff of freezing hits you but does no damage.
You hit the +1 dire flail of electrocution.
The +1 dire flail of electrocution is almost destroyed.
The +1 dire flail of electrocution hits you!
* * * LOW HITPOINT WARNING * * *
A demonic guardian appears!
You are electrocuted!
* * * LOW HITPOINT WARNING * * *
You block the +4 dire flail of speed's attack.
You feel better.
Your ufetubus closely misses the +4 quarterstaff of freezing.
Your ufetubus hits the +4 quarterstaff of freezing but does no damage.
You block the +4 quarterstaff of freezing's attack.
You block the +1 dire flail of electrocution's attack.
The +4 dire flail of speed barely misses you.
You feel better.
Your ufetubus hits the +4 quarterstaff of freezing but does no damage. x2
You block the +4 quarterstaff of freezing's attack.
The +4 dire flail of speed hits you but does no damage.
Your ufetubus barely misses the +4 quarterstaff of freezing.
Your ufetubus hits the +4 quarterstaff of freezing.
You block the +1 dire flail of electrocution's attack.
You feel protected.
Your hearing returns.
Your ufetubus hits the +4 quarterstaff of freezing. x2
The +4 dire flail of speed hits you!!
* * * LOW HITPOINT WARNING * * *
The +4 quarterstaff of freezing hits your ufetubus!!
Your ufetubus dies!
Your ufetubus disappears in a puff of smoke!
You are confused.
You feel invigorated.
The +1 dire flail of electrocution hits you!
* * * LOW HITPOINT WARNING * * *
The +4 dire flail of speed hits you!
You die...

, * * , ### ,
~#..+ ,* *#..##
#+##* ,
#...##~~~## ,
#...#~~~~~#
*##...#~†~~~#
#...(#††~~~#
......#@#†#~~##
#....##((§####
######..§.§#
#.∩.§§# #.....#
##...## #####


You could see 3 dancing weapons.

Vanquished Creatures
  Prince Ribbit (D:5)
  3 dancing weapons (D:5)
  4 humans (Bailey)
  An ice beast (D:4)
  A sky beast (D:5)
  4 black bears
  A centaur (D:8)
  An ogre (D:7)
  A phantom (D:6)
  A kobold brigand (D:6)
  4 bullfrogs
  3 scorpions
  2 howler monkeys
  2 crimson imps
  3 hounds
  A jelly (D:5)
  A gnoll bouda (D:6)
  2 orc priests
  A sleepcap (D:4)
  3 iguanas
  2 orc wizards
  Robin (D:2)
  8 gnolls
  5 adders
  A white imp (D:7)
  A worm (D:5)
  5 dart slugs
  15 orcs
  4 endoplasms
  3 giant cockroaches
  21 goblins
  9 hobgoblins
  4 jackals
  13 kobolds
  3 quokkas
  5 ball pythons
  3 bats
  4 frilled lizards
  3 hobgoblin zombies (D:7)
  2 kobold skeletons (D:7)
  A kobold zombie (D:7)
  3 orc zombies (D:7)
  6 rats
162 creatures vanquished.

Vanquished Creatures (collateral kills)
  The ghost of mandoloar the Changer, an amateur OpTm (D:4)
  2 bullfrogs (Bailey)
  2 gnolls (D:6)
  An orc (D:5)
  A hobgoblin (D:2)
  A jackal (D:2)
  A ball python (D:4)
9 creatures vanquished.

Vanquished Creatures (others)
  3 goblins (D:2)
3 creatures vanquished.

Grand Total: 174 creatures vanquished

Notes
Turn   | Place    | Note
-------+----------+-------------------------------------------
     0 | D:1      | hattop the Demonspawn Brigand began the quest for the Orb.
     0 | D:1      | Reached XP level 1. HP: 16/16 MP: 1/1
   132 | D:1      | Reached skill level 4 in Stealth
   180 | D:1      | Gained mutation: You have a small tail. [demonic ancestry]
   180 | D:1      | Reached XP level 2. HP: 22/22 MP: 2/2
   504 | D:1      | Found a faded altar of an unknown god.
   695 | D:1      | Gained mutation: When seriously injured, your blood forms
                  | armour. (AC +9) [demonic ancestry]
   695 | D:1      | Reached XP level 3. HP: 19/27 MP: 3/3
  1342 | D:2      | Reached skill level 1 in Dodging
  1349 | D:2      | Noticed Robin
  1382 | D:2      | Killed Robin
  1423 | D:2      | Gained mutation: A weak demonic guardian rushes to your
                  | aid. [demonic ancestry]
  1423 | D:2      | Reached XP level 4. HP: 9/33 MP: 4/4
  2682 | D:3      | Found a snail-covered altar of Cheibriados.
  2749 | D:3      | Reached XP level 5. HP: 39/39 MP: 5/5
  2895 | D:3      | Found a shimmering altar of Xom.
  2896 | D:3      | Found a burning altar of Makhleb.
  2974 | D:3      | Reached skill level 5 in Stealth
  3290 | D:4      | Found a runed translucent door.
  3291 | D:4      | Noticed mandoloar's ghost (amateur OpTm)
  3314 | D:4      | Killed mandoloar's ghost
  3315 | D:4      | Gained mutation: Your demonic aura sometimes causes spilled
                  | blood to erupt in flames. [demonic ancestry]
  3315 | D:4      | Reached XP level 6. HP: 44/46 MP: 6/6
  3335 | D:4      | Identified a scroll of acquirement
  3336 | D:4      | Acquired the brooch of Shielding {Spirit SH+8}
  3336 | D:4      | Found the brooch of Shielding {Spirit SH+8}
  3370 | D:4      | Reached skill level 6 in Stealth
  3415 | D:4      | Reached XP level 7. HP: 48/52 MP: 7/7
  3458 | D:4      | Learned a level 2 spell: Passwall
  3658 | D:4      | Found a staircase to the Ecumenical Temple.
  3699 | Temple   | Entered the Ecumenical Temple
  3998 | Temple   | Became a worshipper of the Wu Jian Council
  4218 | D:4      | Identified the +3 dagger of the Grave {drain, rC+}
  4380 | D:5      | Entered Level 5 of the Dungeon
  4384 | D:5      | Noticed Prince Ribbit
  4391 | D:5      | Killed Prince Ribbit
  4392 | D:5      | Reached skill level 1 in Shields
  4392 | D:5      | Gained mutation: When seriously injured, your blood forms
                  | thick armour. (AC +9) [demonic ancestry]
  4392 | D:5      | Reached XP level 8. HP: 60/60 MP: 8/8
  4451 | D:5      | Found a sparkling altar of Nemelex Xobeh.
  4458 | D:5      | Found a blossoming altar of Fedhas.
  4458 | D:5      | Found an ancient bone altar of Kikubaaqudgha.
  4465 | D:5      | Found a broken altar of Ashenzari.
  4524 | D:5      | Fell from the grace of Wu Jian
  4524 | D:5      | Became a worshipper of Ashenzari the Shackled
  4554 | D:5      | Found Mone's Overcharged Wands.
  4695 | D:5      | Noticed a +3 rapier of electrocution
  4695 | D:5      | Noticed a +4 rapier of electrocution
  4698 | D:5      | Killed a +4 rapier of electrocution
  4700 | D:5      | Killed a +3 rapier of electrocution
  4912 | D:5      | Reached skill level 5 in Short Blades
  5258 | D:5      | Learned a level 2 spell: Wereblood
  5587 | D:6      | Reached skill level 7 in Stealth
  6451 | D:7      | Reached XP level 9. HP: 66/66 MP: 9/9
  6522 | D:7      | Reached * piety under Ashenzari
  6917 | D:7      | Reached ** piety under Ashenzari
  6959 | D:8      | Found a flagged portal.
  6981 | Bailey   | Entered a bailey
  7002 | Bailey   | Reached skill level 8 in Stealth
  7007 | Bailey   | Reached skill level 1 in Armour
  7019 | Bailey   | Reached skill level 5 in Fighting
  7103 | Bailey   | Slain by a +4 dire flail of speed

Illustrated notes

Levels and vault maps discovered:
D:1:      dpeg_arrival_round_b, layout_loops_corners,
          hellmonk_ecumenical_altar_leap_of_faith
D:2:      layout_loops_ring, basic_altar, minmay_pentomino_x2, uniq_robin
D:3:      layout_loops_ring, grunt_temple_overflow_champion_of_chaos,
          mainiacjoe_overflow_alcove_1
D:4:      layout_rooms, minmay_temple_entry_statues_fountains,
          ebering_ghost_reflecting_pool, dreamdust_princess_bridge,
          minmay_bisected
D:5:      layout_gridville, nicolae_overflow_hallway_of_the_gods,
          nicolae_shop_overcharged_wands, uniq_prince_ribbit1
D:6:      layout_loops_cross
D:7:      layout_cave_pools, nicolae_tso_besieged_by_evil, roderic_lattice_a
D:8:      minmay_spotlight, layout_rooms, enter_bailey_5,
          nicolae_diode_intersection
Temple:   nicolae_temple_bog_church
Bailey:   bailey_axe_froggy_fort_hellmonk, bailey

Skill      XL: |  1  2  3  4  5  6  7  8  9 |
---------------+----------------------------+-----
Stealth        | 4 5 6 7 8 |  8.1
Short Blades   | 2 3 4 5 6 |  6.2
Dodging        | 1 2 3 4 |  4.7
Throwing       | 2 |  2.9
Fighting       | 3 4 5 |  5.1
Shields        | 1 3 4 |  4.2
Armour         | 1 |  1.9

Action                     |  1- 3 |  4- 6 |  7- 9 || total
---------------------------+-------+-------+-------++-------
  Melee: Dagger            |    98 |   166 |   434 ||   698
         Tailslap          |     3 |    14 |    74 ||    91
  Throw: Dart              |    12 |     9 |     4 ||    25
 Invoke: Curse Item        |       |       |     3 ||     3
Ability: Lunge             |       |       |     1 ||     1
  Evoke: Wand              |       |       |     1 ||     1
    Use: Scroll            |     5 |     7 |     5 ||    17
         Potion            |       |       |     9 ||     9
   Stab: Sleeping          |     8 |    12 |    15 ||    35
 Armour: Robe              |    28 |    31 |    36 ||    95
         Leather armour    |       |       |    25 ||    25
  Dodge: Dodged            |    49 |    66 |   136 ||   251
  Block: Orb               |       |    12 |    50 ||    62
         Buckler           |       |       |   167 ||   167

Table legend: (Time is in decaauts)
 A = Elapsed time spent in this place.
 B = Non-inter-level travel time spent in this place.
 C = Inter-level travel time spent in this place.
 D = Time resting spent in this place.
 E = Time spent auto-exploring this place.
 F = Levels seen in this place.
 G = Mean time per level.
                   A        B        C        D        E       F      G
               +--------+--------+--------+--------+--------+-----+--------+
         Total |   6933 |   6499 |    434 |    283 |   4582 |  10 |  693.3 |
       Dungeon |   6510 |   6111 |    399 |    151 |   4444 |   8 |  813.8 |
        Temple |    322 |    287 |     35 |    122 |    138 |   1 |  322.0 |
        Bailey |    100 |    100 |      0 |     10 |      0 |   1 |  100.0 |
               +--------+--------+--------+--------+--------+-----+--------+

Top non-repeatable levels by time:
     D:1: 1306 daAuts
     D:2: 1217 daAuts
     D:5: 985 daAuts
     D:6: 892 daAuts
     D:4: 762 daAuts
     D:3: 703 daAuts
     D:7: 600 daAuts
  Temple: 322 daAuts
  Bailey: 100 daAuts
     D:8: 42 daAuts
